 Dungeon Crawl Stone Soup version 0.21-a0-442-g848f44b (webtiles) character file.

38 Ijustatesigmund the Charlatan (level 3, 0/25 HPs)
             Began as an Octopode Artificer on Nov 16, 2017.
             Succumbed to an adder's poison
             ... on level 1 of the Dungeon.
             The game lasted 00:02:35 (1274 turns).

Ijustatesigmund the Charlatan (Octopode Artificer)  Turns: 1274, Time: 00:02:36

Health: 0/25       AC:  1    Str:  9 (11) XL:     3   Next: 43%
Magic:  5/5        EV: 13    Int: 10 (13) God:
Gold:   54         SH:  0    Dex: 12 (13) Spells: 2/2 levels left

rFire    . . .     SeeInvis .   a - +0 whip
rCold    . . .     Gourm    .   (no shield)
rNeg     . . .     Faith    .   (helmet restricted)
rPois    .         Spirit   .   k - amulet of magic regeneration
rElec    .         Reflect  .   (no ring)
rCorr    .         Harm     .   (no ring)
MR       .....                  (no ring)
Stlth    +++.......             (no ring)
HPRegen  0.08/turn              (no ring)
MPRegen  0.34/turn              (no ring)
                                (no ring)
                                (no ring)

@: lethally poisoned (0 -> -4)
A: almost no armour, stealthy swim, amphibious, 8 rings, constrict 8, camouflage
1, gelatinous body 1
a: no special abilities


You were on level 1 of the Dungeon.
You were very hungry.

You visited 1 branch of the dungeon, and saw 2 of its levels.

You collected 54 gold pieces.

Inventory:

Hand Weapons
 a - a +0 whip (weapon)
Jewellery
 e - an uncursed ring of ice
 k - an amulet of magic regeneration (around mantle)
Wands
 b - a wand of flame (15/48)
 c - a wand of enslavement (13/24)
 d - a wand of random effects (15/48)
Scrolls
 g - 2 scrolls of teleportation {unknown}
Comestibles
 f - 2 bread rations
 h - a fruit
 j - a royal jelly


   Skills:
 + Level 2.7 Fighting
   Level 1.0 Short Blades
 + Level 1.3 Maces & Flails
 - Level 2.0 Dodging
 - Level 1.3 Stealth
 - Level 3.2 Evocations


You had 2 spell levels left.
You didn't know any spells.

Dungeon Overview and Level Annotations

Branches:
Dungeon (2/15)

Altars:


Innate Abilities, Weirdness & Mutations

You cannot wear most types of armour.
You are very stealthy in the water. (Stealth+)
You are amphibious.
You can wear up to eight rings at the same time.
You can use your tentacles to constrict eight enemies at once.
Your skin changes colour to match your surroundings (Stealth+).
Your rubbery body absorbs attacks. (AC +1, EV +1)


Message History

Your hobgoblin closely misses the goblin.
The goblin barely misses your hobgoblin.
* * * LOW HITPOINT WARNING * * *
You feel sick.
Your hobgoblin barely misses the goblin.
The goblin hits your hobgoblin.
Your hobgoblin dies!
* * * LOW HITPOINT WARNING * * *
You feel sick.
There is a stone staircase leading down here.
It was a potion of degeneration.
There was something very wrong with that liquid.
You feel weakened.
You feel dopey.
You feel clumsy.
* * * LOW HITPOINT WARNING * * *
You feel sick.
* * * LOW HITPOINT WARNING * * *
You feel sick.
There is a stone staircase leading up here.
You climb upwards.
You die...

.......# #.....# #.# #.#
.####..####.....###.#####.#
..........................#
.#........#......#..####..#######
..............##.#..#.....##.....
......####..####.#..#..#.###.###.
...........................#.# #.
......####.#####...........#.# #.
.##...# #......@#.......#.#.# #.
......####.......#....##.#.#.###.
.##..............#...............
.....(...#.#+#...................
.#..######.#.....).....###..#####
....................##.# #..#
.#..######.#..##.#.###.###..#
.#...............#.##.......#
.#..######.#..##.#.##..###..#


There were no monsters in sight!

Vanquished Creatures
  A worm (D:2)
  A dart slug (D:2)
  A leopard gecko (D:1)
  A ball python (D:1)
  3 giant cockroaches (D:1)
  2 goblins (D:1)
  2 hobgoblins (D:1)
  3 bats (D:1)
  3 frilled lizards
  A giant cockroach zombie (D:2)
  7 rats
25 creatures vanquished.

Vanquished Creatures (collateral kills)
  A rat (D:2)
1 creature vanquished.

Vanquished Creatures (others)
  An adder (D:2)
  A hobgoblin (D:2)
2 creatures vanquished.

Grand Total: 28 creatures vanquished

Notes
Turn   | Place    | Note
-------+----------+-------------------------------------------
     0 | D:1      | Ijustatesigmund the Octopode Artificer began the quest for the Orb.
     0 | D:1      | Reached XP level 1. HP: 13/13 MP: 3/3
    96 | D:1      | Reached XP level 2. HP: 19/19 MP: 4/4
  1228 | D:2      | Reached skill level 1 in Maces & Flails
  1228 | D:2      | Reached XP level 3. HP: 25/25 MP: 5/5
  1271 | D:2      | HP: 1/25 [poisoned by an adder]
  1274 | D:1      | Succumbed to an adder's poison

Vault maps used:
D:1:      minmay_arrival_open_corners
D:2:      first_bread, kennysheep_decorative_pillar, feat_on_display

Skill      XL: |  1  2 |
---------------+-------+-----
Fighting       | 2 |  2.7
Maces & Flails | 1 |  1.3
Short Blades   | |  1.0
Dodging        | |  2.0
Stealth        | |  1.3
Evocations     | |  3.2

Action                   || total
-------------------------++-------
Melee: Short sword       ||    20
       Constrict         ||    13
       Tentacles         ||     9
       Whip              ||    46
Evoke: Wand              ||     2
  Use: Potion            ||     1
 Stab: Sleeping          ||     7
Armor: Skin              ||     8
Dodge: Dodged            ||    53

Table legend:
 A = Spawn XP
 B = Non-spawn XP
 C = Spawn XP percentage of total XP
 D = Spawn monster count
 E = Non-spawn monster count
 F = Spawn count percentage of total count
 G = Total turns spent on level
                    A         B        C        D         E        F      G
               +---------+---------+-------+---------+---------+-------+---------
         Total |       0 |      55 |   0.0 |       0 |      27 |   0.0 |  1274
               +---------+---------+-------+---------+---------+-------+---------
           D:1 |       0 |      32 |   0.0 |       0 |      20 |   0.0 |  1224
           D:2 |       0 |      23 |   0.0 |       0 |       7 |   0.0 |    50
               +---------+---------+-------+---------+---------+-------+---------
